 Dungeon Crawl Stone Soup version 0.22-a0-558-gc224181 (webtiles) character file.

14753 inc the Fighter (level 12, -17/136 HPs)
             Began as an Ogre Arcane Marksman on June 27, 2018.
             Was a High Priest of Okawaru.
             Demolished by a small abomination (19 damage)
             ... on level 2 of the Abyss.
             The game lasted 00:29:30 (13720 turns).

inc the Fighter (Ogre Arcane Marksman)             Turns: 13720, Time: 00:29:31

Health: -17/136    AC:  5    Str: 18      XL:     12   Next: 19%
Magic:  17/17      EV: 10    Int: 13      God:    Okawaru [*****.]
Gold:   617        SH:  5    Dex:  8 (9)  Spells: 7/13 levels left

rFire    + . .     SeeInvis .   P - +7 flail of the Final Decision {crush, +Rage rF+ rC+}
rCold    + . .     Gourm    .   (no shield)
rNeg     + . .     Faith    .   a - +0 robe
rPois    .         Spirit   .   (helmet restricted)
rElec    .         Reflect  +   e - +1 cloak {MR+}
rCorr    +         Harm     .   (gloves unavailable)
MR       ++...                  (boots unavailable)
Stlth    +.........             i - +5 amulet of reflection
HPRegen  0.32/turn              b - ring of resist corrosion
MPRegen  0.15/turn              R - ring of positive energy

@: no status effects
A: large, unfitting armour, [deterioration 2], [dopey 2], tough skin 1, [subdued
magic 3]
a: Heroism, Finesse, Renounce Religion, Evoke Berserk Rage


You were on level 2 of the Abyss.
You worshipped Okawaru.
Okawaru was extremely pleased with you.
You were not hungry.

You visited 1 branch of the dungeon, and saw 9 of its levels.
You visited the Abyss 1 time.
You also visited: Ossuary.

You collected 617 gold pieces.

Inventory:

Hand Weapons
 h - a +0 whip
 s - a +0 giant club
 w - a -2 whip
 z - the +2 spear of Ru's Vengeance {speed, Str+7 Int-4}
   (You found it on level 4 of the Dungeon)

   Attacks with this weapon are significantly faster.
   It affects your strength (+7).
   It affects your intelligence (-4).
 O - a +0 vampiric morningstar
 P - the +7 flail of the Final Decision (weapon) {crush, +Rage rF+ rC+}
   (You found it on level 6 of the Dungeon)

   It inflicts extra damage upon your enemies.
   It protects you from fire.
   It protects you from cold.
   It lets you go berserk.
Missiles
 d - 3 large rocks (quivered)
 o - 15 needles of sleeping
 q - 61 poisoned needles
Armour
 a - a +0 robe (worn)
 e - a +1 cloak of magic resistance (worn)
 k - a +0 cloak
 T - a +0 cloak of invisibility
Jewellery
 b - a ring of resist corrosion (left hand)
 g - an uncursed ring of loudness
 i - a +5 amulet of reflection (around neck)
 x - a +2 amulet of reflection
 R - a ring of positive energy (right hand)
 S - the amulet of Trog's Displeasure {Spirit rElec MR+ Dex+3 Stlth-}
   (You found it on level 7 of the Dungeon)

   [amulet of guardian spirit]

   It causes incoming damage to be split between your health and magic.
   It affects your dexterity (+3).
   It insulates you from electricity.
   It affects your resistance to hostile enchantments.
   It makes you less stealthy.
 W - an uncursed amulet of regeneration
 X - an uncursed amulet of the acrobat {unknown}
Wands
 v - a wand of polymorph (16)
 y - a wand of iceblast (18)
 B - a wand of flame (29)
 H - a wand of disintegration (11)
 L - a wand of clouds (5)
 Q - a wand of paralysis (9)
 U - a wand of random effects (23)
Scrolls
 c - a scroll of noise {unknown}
 l - 3 scrolls of random uselessness
 m - 2 scrolls of amnesia
 n - a scroll of fear {unknown}
 G - 4 scrolls of remove curse
 J - a scroll of enchant armour {unknown}
 V - a scroll of silence {unknown}
Potions
 j - 3 potions of cancellation
 p - a potion of mutation
 r - a potion of curing
 t - 2 potions of degeneration
 C - a potion of invisibility
 D - a potion of haste
 E - 4 potions of resistance
 F - a potion of flight
 N - a potion of might {unknown}
Comestibles
 f - 14 rations


   Skills:
 + Level 13.3 Fighting
 - Level 10.0 Maces & Flails
 - Level 2.0 Throwing
 - Level 1.7 Dodging
 - Level 1.2 Spellcasting
 - Level 8.2 Hexes
 - Level 7.0 Invocations
 - Level 4.1 Evocations


You had 7 spell levels left.
You knew the following spells:

 Your Spells              Type           Power        Failure   Level  Hunger
a - Corona                Hex            ##.....      1%          1    ##.....
b - Slow                  Hex            ##......     1%          2    ###....
c - Portal Projectile     Hex/Tloc       #.....       9%          3    ####...

Your spell library contained the following spells:

 Spells                   Type           Power        Failure   Level  Hunger
 Cause Fear               Hex            ##........   4%          4    #####..
 Summon Small Mammal      Summ           #...         17%         1    ##.....
 Summon Ice Beast         Ice/Summ       #.......     90%         4    #####..
 Call Imp                 Summ           #.......     26%         2    ###....
 Call Canine Familiar     Summ           #.......     50%         3    ####...
 Leda's Liquefaction      Hex/Erth       #.........   32%         4    #####..
 Inner Flame              Hex/Fire       #.......     9%          3    ####...
 Summon Lightning Spire   Summ/Air       #.......     90%         4    #####..
 Summon Guardian Golem    Hex/Summ       #.......     9%          3    ####...


Dungeon Overview and Level Annotations

Branches:
Dungeon (9/15)             Temple (0/1) D:6            Lair (0/6) D:8
    Orc: D:9-12

Altars:
Ashenzari
Elyvilon
Kikubaaqudgha
Makhleb
Okawaru
Ru
Sif Muna
Vehumet
Xom
The Shining One
Beogh

Shops:
D:9 [

Annotations:
D:3 ThisFiasco's ghost, amateur SpEn
D:9 Psyche


Innate Abilities, Weirdness & Mutations

You are too large for most types of armour.
You have tough skin. (AC +1)
[Your body often deteriorates upon taking damage.]
[You are very dopey. (Int -4)]
[Your spells are much easier to cast, but much less powerful.]


Message History

Okay, then.
The wretched star glows turbulently.
The orb of energy hits the small abomination.
The small abomination barely misses you.
The wretched star pulses with an eldritch light!
You feel stupid. x2
The small abomination hits you.
* * * LOW HITPOINT WARNING * * *
The small abomination hits you.
* * * LOW HITPOINT WARNING * * *
The small abomination hits you!
* * * LOW HITPOINT WARNING * * *
Your body deteriorates!
You feel clumsy.
The small abomination closely misses you.
The small abomination hits you!
* * * LOW HITPOINT WARNING * * *
Okay, then.
Okay, then.
The small abomination hits you!!
You die...

..# ..# .######
... .#.. # ... .
.....##. . .. .. .
.#.## ...#### #..
# # ..... #.....#
.# #....#.##..####
#.#
..#.####.#.##.#
##..#...#..#@.# .
...#.*...#x##..#..
## ..
#.##...#.....
#.#..#.###...#
.### #####
#.#....# # #
....##.# #.#...#
## ######. .# #...


You could see a small abomination.

Vanquished Creatures
  A two-headed ogre (D:8)
  A large abomination (Abyss:2)
  A worldbinder (Abyss:2)
  An ugly thing (D:8)
  An elephant (D:8)
  Maurice (D:8)
  A shadow (D:8)
  A yak (D:8)
  A wyvern (D:8)
  A basilisk (D:8)
  3 orc warriors
  A black bear (D:7)
  6 ice beasts
  3 sky beasts (D:8)
  3 ogres
  2 centaurs
  A crocodile (D:8)
  5 bullfrogs
  3 elf zombies (Ossuary)
  A wyvern skeleton (D:7)
  A water moccasin zombie (D:5)
  3 jellies
  14 killer bees
  2 scorpions (D:7)
  A howler monkey (D:7)
  3 centaur zombies
  5 crimson imps
  10 orc priests
  2 human zombies (Ossuary)
  2 centaur skeletons
  4 hounds
  4 orc wizards
  An iron imp (Abyss:2)
  Jessica (D:6)
  A gnoll shaman (D:6)
  3 iguanas
  8 worker ants
  A killer bee zombie (D:6)
  A big kobold zombie (Ossuary)
  A hound zombie (D:8)
  2 mummies (Ossuary)
  A worker ant zombie (D:7)
  A howler monkey zombie (D:9)
  14 gnolls
  Robin (D:3)
  A river rat (D:5)
  10 adders
  4 shadow imps
  2 adder zombies
  3 worms (D:5)
  3 leopard geckos
  37 orcs
  2 bats (D:3)
  4 giant cockroaches
  15 goblins
  5 hobgoblins
  9 jackals
  4 quokkas
  2 ball pythons
  6 frilled lizards
  A goblin zombie (Ossuary)
  6 hobgoblin zombies (Ossuary)
  A jackal zombie (Ossuary)
  A kobold (D:3)
  10 kobold zombies (Ossuary)
  A leopard gecko skeleton (D:5)
  10 orc zombies (Ossuary)
  2 rats
  A rat zombie (Ossuary)
265 creatures vanquished.

Vanquished Creatures (others)
  A small abomination (Abyss:2)
  A goblin (D:3)
  A fungus (D:8)
  A plant (D:8)
4 creatures vanquished.

Grand Total: 269 creatures vanquished

Notes
Turn   | Place    | Note
-------+----------+-------------------------------------------
     0 | D:1      | inc the Ogre Arcane Marksman began the quest for the Orb.
     0 | D:1      | Reached XP level 1. HP: 19/19 MP: 2/2
    73 | D:1      | Reached skill level 2 in Fighting
   171 | D:1      | Reached XP level 2. HP: 29/29 MP: 3/3
   304 | D:1      | Reached skill level 3 in Fighting
   569 | D:1      | Found a shattered altar of Ashenzari.
   841 | D:1      | You fall through a shaft!
   858 | D:2      | Reached skill level 4 in Fighting
   858 | D:2      | Reached XP level 3. HP: 39/39 MP: 4/4
  1997 | D:2      | Found a sacrificial altar of Ru.
  2260 | D:3      | Found a runed gate.
  2261 | D:3      | Found a runed gate.
  2261 | D:3      | Noticed ThisFiasco's ghost (amateur SpEn)
  2291 | D:3      | Found a runed gate.
  2291 | D:3      | Found a roughly hewn altar of Beogh.
  2446 | D:3      | Reached skill level 1 in Maces & Flails
  2446 | D:3      | Reached XP level 4. HP: 49/49 MP: 5/5
  2466 | D:3      | Noticed Robin
  3096 | D:3      | Killed Robin
  3096 | D:3      | Reached XP level 5. HP: 40/55 MP: 6/6
  3249 | D:3      | Found a radiant altar of Vehumet.
  3860 | D:3      | Found a white marble altar of Elyvilon.
  3925 | D:3      | Reached XP level 6. HP: 62/63 MP: 7/7
  4599 | D:4      | Got an ichor-stained spear
  4601 | D:4      | Identified the cursed +2 spear of Ru's Vengeance {speed, Str+7 Int-4} (You found it on level 4 of the Dungeon)
  5210 | D:3      | Reached skill level 5 in Maces & Flails
  5639 | D:4      | Reached XP level 7. HP: 36/71 MP: 8/8
  5652 | D:4      | Learned a level 2 spell: Slow
  5845 | D:4      | Learned a level 3 spell: Portal Projectile
  6381 | D:5      | Entered Level 5 of the Dungeon
  6400 | D:5      | Found a sand-covered staircase.
  6406 | Ossuary  | Entered an ossuary
  6644 | Ossuary  | Reached skill level 5 in Hexes
  6652 | Ossuary  | Reached XP level 8. HP: 66/79 MP: 9/9
  7031 | D:5      | Found a shimmering altar of Xom.
  7084 | D:5      | Found a glowing golden altar of the Shining One.
  7135 | D:5      | Found an iron altar of Okawaru.
  7167 | D:5      | Became a worshipper of Warmaster Okawaru
  8482 | D:6      | Reached XP level 9. HP: 83/85 MP: 6/10
  9341 | D:6      | Got an ichor-stained flail
  9342 | D:6      | Identified the +7 flail of the Final Decision {crush, +Rage rF+ rC+} (You found it on level 6 of the Dungeon)
  9356 | D:6      | Found a burning altar of Makhleb.
  9725 | D:6      | Reached * piety under Okawaru
  9743 | D:6      | Found a staircase to the Ecumenical Temple.
  9801 | D:6      | Noticed Jessica
  9823 | D:6      | Killed Jessica
  9823 | D:6      | Reached skill level 1 in Evocations
  9828 | D:6      | Found a deep blue altar of Sif Muna.
 10287 | D:7      | Reached ** piety under Okawaru
 11058 | D:7      | Reached XP level 10. HP: 94/94 MP: 11/13
 11269 | D:7      | Got a fine brass amulet
 11298 | D:8      | Noticed a two-headed ogre
 11303 | D:8      | Killed a two-headed ogre
 11303 | D:8      | Reached *** piety under Okawaru
 11433 | D:8      | Noticed a red ugly thing
 11448 | D:8      | Killed a red ugly thing
 11458 | D:8      | Identified the amulet of Trog's Displeasure {Spirit rElec MR+ Dex+3 Stlth-} (You found it on level 7 of the Dungeon)
 11463 | D:8      | Noticed a black mamba
 11850 | D:8      | Reached **** piety under Okawaru
 12113 | D:8      | Reached skill level 5 in Invocations
 12308 | D:8      | Found a staircase to the Lair.
 12329 | D:8      | Noticed Maurice
 12340 | D:8      | Killed Maurice
 12553 | D:8      | Noticed an elephant
 12576 | D:8      | Killed an elephant
 12635 | D:8      | Reached XP level 11. HP: 85/101 MP: 13/16
 12811 | D:8      | Found an iron altar of Okawaru.
 12837 | D:8      | Reached skill level 10 in Maces & Flails
 12998 | D:8      | Reached skill level 5 in Fighting
 13055 | D:8      | Reached ***** piety under Okawaru
 13103 | D:8      | Found an ancient bone altar of Kikubaaqudgha.
 13110 | D:8      | Found a shattered altar of Ashenzari.
 13219 | D:9      | Found Rutiala's Antique Armour Boutique.
 13245 | D:9      | Noticed Psyche
 13248 | D:9      | Reached skill level 6 in Fighting
 13251 | D:9      | Cast into level 2 of the Abyss (Psyche)
 13287 | Abyss:2  | Noticed a thrashing horror
 13289 | Abyss:2  | Noticed a worldbinder
 13292 | Abyss:2  | Noticed a bone dragon
 13341 | Abyss:2  | Noticed a tentacled starspawn
 13365 | Abyss:2  | Noticed a thrashing horror
 13378 | Abyss:2  | Reached skill level 12 in Fighting
 13378 | Abyss:2  | Reached XP level 12. HP: 20/133 MP: 14/17
 13442 | Abyss:2  | Reached skill level 13 in Fighting
 13692 | Abyss:2  | Noticed a wretched star
 13695 | Abyss:2  | Noticed a starcursed mass
 13718 | Abyss:2  | HP: 2/136 [small abomination (14)]
 13720 | Abyss:2  | Demolished by a small abomination

Vault maps used:
D:1:      lightli_arrival_flooded_house, ashenzari_altar_1
D:2:      nicolae_ru_sacrificial_ziggurat
D:3:      nicolae_overflow_crystal_walls, elyvilon_altar_1,
          biasface_ghost_orc_armoury, lemuel_flame_loot_1, uniq_robin
D:4:      wad_orctagon
D:5:      nicolae_overflow_hidden_temple, tso_altar, nicolae_ossuary_entry_plus,
          first_ration, portal_sewer_entry_a, okawaru_metal_pillars_1_2
D:6:      kennysheep_mini_moat, tgw_sif, temple_doors_ab
D:8:      minmay_curly_fans, lemuel_crystal_altar,
          amethyst_overflow_temple_binary, david_lair_generic, uniq_maurice
D:9:      zombieorc1_lemuel, gammafunk_ghost_icy, serial_shops, shop,
          david_nohive_1, uniq_joseph, uniq_grum, uniq_psyche
Abyss:2:  bh_silent_lugonu_exit
Ossuary:  ossuary_tomb_1

Skill      XL: |  1  2  3  4  5  6  7  8  9 10 11 12 |
---------------+-------------------------------------+-----
Fighting       | 2 4 12 13 | 13.3
Maces & Flails | 1 2 3 5 7 9 10 | 10.0
Hexes          | 5 8 |  8.2
Evocations     | 4 |  4.1
Invocations    | 6 7 |  7.0
Throwing       | |  2.0
Dodging        | |  1.7
Spellcasting   | |  1.2

Action                   |  1- 3 |  4- 6 |  7- 9 | 10-12 || total
-------------------------+-------+-------+-------+-------++-------
Melee: Whip              |   106 |   296 |       |       ||   402
       Unarmed           |     7 |       |       |       ||     7
       Giant club        |       |    30 |   369 |       ||   399
       Flail             |       |       |   111 |   173 ||   284
       Morningstar       |       |       |    48 |       ||    48
       Punch             |       |       |       |     3 ||     3
Throw: Large rock        |    24 |    14 |    14 |     3 ||    55
       Throwing net      |     1 |     1 |       |       ||     2
 Cast: Slow              |       |       |    15 |    10 ||    25
       Corona            |       |       |    12 |    12 ||    24
Invok: Heroism           |       |       |       |     7 ||     7
 Abil: Evoke Berserk Rag |       |       |     7 |     6 ||    13
  Use: Scroll            |     3 |     3 |     3 |    15 ||    24
       Potion            |     1 |     1 |     2 |     7 ||    11
  Eat: Chunk             |     5 |     7 |    20 |    10 ||    42
       Ration            |       |     1 |     3 |     2 ||     6
Armor: Robe              |    26 |    68 |   128 |    46 ||   268
Dodge: Dodged            |    58 |   128 |   240 |    91 ||   517
Block: Other             |    24 |    62 |   118 |    35 ||   239
       Reflection        |       |     1 |       |     1 ||     2

Table legend:
 A = Spawn XP
 B = Non-spawn XP
 C = Spawn XP percentage of total XP
 D = Spawn monster count
 E = Non-spawn monster count
 F = Spawn count percentage of total count
 G = Total turns spent on level
                    A         B        C        D         E        F      G
               +---------+---------+-------+---------+---------+-------+---------
         Total |    1241 |   10211 |  10.8 |       3 |     263 |   1.1 | 13720
               +---------+---------+-------+---------+---------+-------+---------
           D:1 |       0 |      33 |   0.0 |       0 |      18 |   0.0 |  1466
           D:2 |       0 |      48 |   0.0 |       0 |      13 |   0.0 |  1407
           D:3 |       0 |     318 |   0.0 |       0 |      38 |   0.0 |  2389
           D:4 |       0 |     458 |   0.0 |       0 |      16 |   0.0 |  1119
           D:5 |       0 |     589 |   0.0 |       0 |      23 |   0.0 |  1526
           D:6 |       0 |     930 |   0.0 |       0 |      28 |   0.0 |  1445
           D:7 |       0 |    1825 |   0.0 |       0 |      42 |   0.0 |  1369
           D:8 |       0 |    5236 |   0.0 |       0 |      40 |   0.0 |  1882
           D:9 |       0 |     278 |   0.0 |       0 |       6 |   0.0 |    79
       Abyss:2 |    1241 |       0 | 100.0 |       3 |       0 | 100.0 |   469
       Ossuary |       0 |     496 |   0.0 |       0 |      39 |   0.0 |   569
               +---------+---------+-------+---------+---------+-------+---------
